Celery, chaotic female sylph Rogue --- --- --------- ----------.-- --.-- --.--.--.------...--......| --...| ---- ---..........--.*...........| |...-- |..-- |................).........-- |-.-- ---...| -----........---..............| --..-- |.....| ----------.----......----.............-- |....|----|...--- --- --.--.--.....| |.......|..)...<........--- --...--..--..(| --.---...........-- |.........[)....(.........| |-.........---- |...|.........-------..........[---.........-%--------..........|..| |..............................).^................EZ...............-- |-.........--------...|......)..-------.^.-----.----.....|..........| |...........-- --.---...........-- |...| |...|---..----.......-| --...........|---- --- --...........|--...-- ----.------- --.......-- ---.--......||..| |..........--|.....| |......| |........| ---- ------..----..-- ---......^-- |.....|--......------ -.......-- |..--- |.....|...*| |.|.----- |.....||.........--.--..--.|...| --....-------.---......| ----- ---.-------.--.......|.. ----.-- |.............| |..|..-- --- ------>--.---- --- |..------------ ------- ------ ---- Celery the Pilferer Experience level: 11 Strength: 16 Dexterity: 20 Constitution: 17 Intelligence: 11 Wisdom: 12 Charisma: 11 Health: 94(94) Energy: 57(57) Def: 0 Gold: 431 Moves: 18648 Dungeon seed: Q6le1FDTfTdPvwTC Game ID: Celery_1469547262 Your Inventory: Coins $ - 431 gold pieces Amulets j - an uncursed amulet of reflection (being worn) Weapons i - 2 uncursed +2 daggers (alternate weapon; not wielded) z - the uncursed rustproof +2 Valerian (weapon in hand) P - 22 uncursed +0 daggers (in quiver) Armor N - an uncursed burnt rotted +0 cloak of invisibility (being worn) Q - an uncursed +0 mummy wrapping Comestibles A - an uncursed food ration Scrolls k - an uncursed scroll of scare monster p - a blessed scroll of teleportation D - an uncursed scroll of teleportation Potions c - an uncursed potion of healing o - an uncursed potion of acid Rings m - an uncursed ring of searching u - a blessed +1 ring of increase accuracy x - an uncursed ring of cold resistance C - a cursed ring of hunger M - an uncursed ring of regeneration U - an uncursed ring of teleportation Z - an uncursed ring of teleport control Wands h - an uncursed wand of opening (0:3) v - an uncursed wand of cold (0:3) B - an uncursed wand of polymorph (0:5) E - an uncursed wand of enlightenment (0:5) J - a blessed wand of striking (0:4) Tools d - an uncursed lock pick e - a blessed +0 unicorn horn s - a blessed bag of holding t - an uncursed towel w - an uncursed magic whistle I - an uncursed brass lantern (0:907) L - an uncursed stethoscope Gems n - an uncursed obsidian stone q - 3 uncursed amethyst stones r - an uncursed jacinth stone y - an uncursed agate stone Y - an uncursed topaz stone Contents of the bag of holding: 3993 gold pieces a blessed +1 dagger an uncursed +1 dagger an uncursed +0 dwarvish mattock an uncursed +0 elven dagger 5 uncursed food rations 3 blessed scrolls of blank paper 3 uncursed scrolls of blank paper a cursed scroll of blank paper 2 uncursed scrolls of destroy armor 2 uncursed scrolls of earth a cursed scroll of earth a cursed scroll of genocide an uncursed scroll of gold detection a cursed scroll of gold detection an uncursed scroll of identify a cursed scroll of punishment an uncursed scroll of remove curse 2 uncursed scrolls of teleportation a cursed scroll of teleportation an uncursed potion of booze a blessed potion of gain energy a blessed potion of healing an uncursed potion of healing 4 potions of holy water an uncursed potion of levitation an uncursed potion of sickness an uncursed wand of create monster (0:3) an uncursed wand of enlightenment (0:15) an uncursed wand of locking (0:8) an uncursed wand of sleep (0:7) an uncursed wand of sleep (0:3) a cursed oil lamp (0:1357) an uncursed sack an uncursed +0 unicorn horn an uncursed +0 unicorn horn Spells and supernatural/magical abilities: Name Level Category Fail Memory i - invisibility 4 escape 100% 35% k - knock 1 matter 44% 70% l - light 1 divination 44% 50% r - remove curse 3 clerical 100% 35% u - confuse monster 2 enchantment 60% 28% z - sleep 1 enchantment 44% 35% H - haste self 3 escape 100% 37% I - identify 3 divination 44% 50% K - cure sickness 3 healing 52% 37% S - stone to flesh 3 healing 52% 35% W - pray for help -- divine ? -- Your skills at the end: Miscellaneous Skills wands [Basic] Weapon Skills dagger [Expert] short sword [Basic] Spellcasting Skills healing spells [Basic] divination spells [Skilled] Final Attributes: You were piously aligned. You were sleep resistant. You were poison resistant. You saw invisible. You had automatic searching. You had infravision. You were invisible to others. You were displaced. You were stealthy. You were protected from shape changers. You had reflection. You are dead (2nd time!). Vanquished creatures: 2 giant mimics 3 large mimics a water demon a small mimic a warhorse a wood golem a flaming sphere 2 dwarf kings a chameleon 2 crocodiles 4 giant beetles 2 cockatrices a lynx a panther 6 leprechauns a quivering blob a lizard a mumak a giant spider an iron piercer 2 horses an ice vortex a vampire bat 2 gnome kings an orc mummy an ogre 3 brown puddings 2 gold golems a werewolf a dingo 2 housecats a dwarf lord 3 blue jellies 5 water nymphs 3 gray unicorns a dust vortex 2 ravens 3 plains centaurs a gnome mummy 2 snakes 2 apes 4 human zombies 4 soldier ants an imp a baby crocodile 3 Uruk-hai an orc shaman 2 rock moles 6 rock piercers a pony 3 fog clouds 5 yellow lights a shrieker 2 violet fungi 7 gnome lords 4 gnomish wizards 2 kobold mummies a black naga hatchling a golden naga hatchling 3 gray oozes a barrow wight 2 elf zombies 3 straw golems 3 paper golems 4 giant ants 2 little dogs 3 floating eyes 4 kittens 11 dwarves a homunculus a kobold lord a kobold shaman 11 iguanas a hill orc 8 rothes 4 rabid rats 5 centipedes a giant bat 3 monkeys an orc zombie 3 dwarf zombies 2 wererats 2 killer bees 10 coyotes 6 gas spores 4 hobbits 6 acid blobs 4 large kobolds 12 geckos a hobgoblin 8 giant rats 5 cave spiders 7 brown molds 9 yellow molds a green mold 2 red molds 42 gnomes 9 garter snakes 5 manes 9 gnome zombies 5 jackals 4 foxes 4 kobolds 15 newts a goblin 8 sewer rats 6 grid bugs a bat 9 lichens 3 kobold zombies 399 creatures vanquished. Voluntary challenges: You were vegetarian. You had followed a strict vegan diet until turn 6194. You used a wielded weapon 617 times, starting on turn 364. You did not apply a unicorn horn. You read items or engraved 72 times, starting on turn 1301. You never genocided any monsters. You never polymorphed an object. You never changed form. You completed Sokoban on turn 16185, according to the rules. You used no wishes. You split 1 pudding, starting on turn 17577. You never wrote Elbereth's name. You violated your moral code, losing 2 points of alignment, starting on turn 15825. Dungeon overview: The Dungeons of Doom: levels 1 to 8 Level 1 a fountain a long staircase Level 2 an altar to Kos Level 3 (spellbooks) a bookstore stairs to The Gnomish Mines Level 4 an armor shop, a fountain Level 5 a fountain Level 6 Level 7 many fountains Level 8 stairs to Sokoban The Gnomish Mines: levels 4 to 8 Level 4 stairs to The Dungeons of Doom Level 5 Level 6 many shops, a temple to Issek, a magic chest, some fountains Level 7 Level 8 <- You were here Sokoban: levels 4 to 7 Level 4 a magic chest Level 5 a sink Level 6 Level 7 a magic chest stairs to The Dungeons of Doom History has recorded: On T:1 you entered the Dungeons of Doom to retrieve the Amulet of Yendor! On T:499 you reached level 2 of The Dungeons of Doom. On T:889 you advanced to experience level 2. On T:913 you reached level 3 of The Dungeons of Doom. On T:1391 you advanced to experience level 3. On T:1505 you reached level 1 of The Gnomish Mines. On T:1511 you advanced to experience level 4. On T:2257 you advanced to experience level 5. On T:3013 you reached level 4 of The Dungeons of Doom. On T:3937 you advanced to experience level 6. On T:4807 you reached level 2 of The Gnomish Mines. On T:5899 you advanced to experience level 7. On T:6904 you reached level 4 of The Gnomish Mines. On T:7063 you reached level 3 of The Gnomish Mines. On T:7188 you opened a magic chest. On T:7191 you opened a magic chest. On T:7205 you entered the Minetown temple On T:8546 you advanced to experience level 8. On T:8576 you opened a magic chest. On T:8757 you opened a magic chest. On T:10216 you reached level 5 of The Dungeons of Doom. On T:10923 you reached level 6 of The Dungeons of Doom. On T:11455 you reached level 7 of The Dungeons of Doom. On T:11722 you reached level 8 of The Dungeons of Doom. On T:12284 you advanced to experience level 9. On T:12285 you received advice from The Oracle. On T:12285 you advanced to experience level 10. On T:12404 you reached level 4 of Sokoban. On T:12479 you opened a magic chest. On T:12510 you opened a magic chest. On T:12761 you reached level 3 of Sokoban. On T:13582 you reached level 2 of Sokoban. On T:14217 you reached level 1 of Sokoban. On T:16185 you advanced to experience level 11. On T:16185 you entered the Sokoban zoo. On T:16269 you opened a magic chest. On T:16985 you were saved from death by your amulet of life saving! On T:16998 you received Valerian from Kos. On T:17756 you opened a magic chest. On T:18227 you reached level 5 of The Gnomish Mines. Score breakdown: Gold: 4424 ( 442 points) Experience: 11 levels ( 1000 points) Exploration: 8 levels ( 210 points) Discoveries: 79 items ( 2000 points) Variety of kills: 110 monsters ( 2000 points) Major goal: finished Sokoban ( 1000 points) Survival: died (score multiplied by 3) Total score: 19956 Latest messages: The soldier ant suddenly disappears! The Mordor orc bumps right into you! The soldier ant bites! The soldier ant stings! The soldier ant bites! The soldier ant stings! Your sweetly-scented blade puts the soldier ant to sleep. You catch the soldier ant at a disadvantage! You kill the soldier ant! There are several objects here. There are a few objects here. You see here a wax candle. Your sweetly-scented blade puts the soldier ant to sleep. You catch the soldier ant at a disadvantage! You kill the soldier ant! The cockatrice bites! The cockatrice touches you! You hear the cockatrice's hissing! You are slowing down. Your sweetly-scented blade puts the cockatrice to sleep. Your limbs are stiffening. You catch the cockatrice at a disadvantage! You kill the cockatrice! Your limbs have turned to stone. You have turned to stone. You are a statue. Final status: Goodbye Celery the Rogue, petrified by a cockatrice, while unable to move due to turning to stone... You turned to stone in The Gnomish Mines on dungeon level 8 with 19956 points, and 4424 pieces of gold, after 18648 moves. You were level 11 with a maximum of 94 hit points when you turned to stone.